Map: Ruins of Seras

Players

LunarOssuary

  • Race: Terran Terran
  • League: Silver

Solipsis - Winner!

  • Race: Terran Terran
  • League: Bronze

VOD

Have the link to the VOD?

Description

Time

  • Played on: Dec. 4, 2015, 1:49 a.m.
  • Length: 5:26
Show
View Real Time Build Order
Export as new Build Order

LunarOssuary Terran 

Build Orders: Liberator Opening 

Get SALT Encoding   

  12  0:01  SCV  
  13  0:13  SCV  
  14  0:20  Supply Depot  
  14  0:25  SCV  
  15  0:41  SCV  
  16  0:45  Barracks  
  16  0:48  Refinery  
  16  0:53  SCV  
  17  0:59  Refinery  
  17  1:12  SCV  
  17  1:14  Supply Depot  
  18  1:31  SCV  
  18  1:32  Engineering Bay  
  19  1:45  Orbital Command  
  19  1:50  Marine  
  20  2:10  Factory  
  20  2:11  Marine  
  21  2:20  SCV  
  22  2:32  Barracks  
  22  2:59  SCV  
  22  3:03  Terran Infantry Weapons Level 1  
  22  3:05  Factory Tech Lab  
  23  3:08  Barracks Tech Lab  
  23  3:12  SCV, Starport  
  24  3:16  Supply Depot  
  24  3:23  Barracks Reactor  
  24  3:24  SCV  
  25  3:32  Marauder  
  25  3:34  Concussive Shells  
  27  3:36  SCV  
  27  3:39  Siege Tank  
  31  3:48  SCV, Liberator  
  32  3:57  Supply Depot  
  32  4:01  Marine x2  
  37  4:20  Siege Tank  
  40  4:42  Marine x2  
  42  4:48  Supply Depot  
  45  5:02  Command Center  
Show
View Real Time Build Order
Export as new Build Order

Solipsis Terran - Winner!

Build Orders:  

Get SALT Encoding   

  12  0:01  SCV  
  13  0:13  SCV  
  14  0:19  Supply Depot  
  14  0:27  SCV  
  15  0:40  SCV  
  16  0:43  Barracks  
  16  0:51  Refinery  
  16  0:52  SCV  
  17  1:04  Supply Depot, SCV  
  18  1:16  SCV  
  18  1:17  Refinery  
  19  1:29  SCV  
  19  1:30  Marine  
  21  1:37  Barracks  
  21  1:49  Barracks Reactor  
  21  2:02  Orbital Command  
  21  2:12  Factory  
  21  2:18  Supply Depot  
  21  2:28  Marine x2  
  21  2:29  Barracks Tech Lab  
  23  2:54  SCV  
  23  2:58  Marauder  
  26  2:59  Marine x2  
  26  3:00  Factory Reactor  
  26  3:02  Stimpack  
  28  3:09  SCV  
  29  3:21  SCV  
  29  3:23  Supply Depot  
  30  3:28  Marine x2  
  30  3:29  Marauder  
  34  3:36  Widow Mine  
  36  3:54  Widow Mine  
  38  3:57  Marine x2  
  38  3:58  Marauder  
  42  4:05  Widow Mine  
  42  4:07  Command Center  
  44  4:24  Starport  
  44  4:25  SCV  
  44  4:27  Barracks  
  45  4:49  Marine x2  
  47  5:03  Supply Depot  
  47  5:04  Supply Depot  
Tags
 
Add a new tag
Caveats
  • Supply blocks, unpowered buildings, or Contaminate may cause inaccurate times.
  • Supply counts are checked every 10 seconds.